 Dungeon Crawl Stone Soup version 0.27-a0-1312-g5cdb2b3542 (webtiles) character file.

Game seed: 9451184560399240963

46 Zonian the Conjurer (level 3, -3/19 HPs)
             Began as a Tengu Conjurer on June 20, 2021.
             Shot with an arrow by a centaur (9 damage)
             ... on level 4 of the Dungeon.
             The game lasted 00:02:34 (2094 turns).

Zonian the Conjurer (Tengu Conjurer)                Turns: 2094, Time: 00:02:34

Health: -3/19      AC:  2    Str:  7    XL:     3   Next: 68%
Magic:  7/7        EV: 12    Int: 19    God:
Gold:   36         SH:  0    Dex: 12    Spells: 3/6 levels left

rFire    . . .     SeeInvis .   c - +0 short sword
rCold    . . .     Faith    .   (no shield)
rNeg     . . .     Spirit   .   a - +0 robe
rPois    .         Reflect  .   (helmet restricted)
rElec    .         Harm     .   (no cloak)
rCorr    .         Rampage  .   (no gloves)
Will     .....                  (boots unavailable)
Stlth    ++........             (no amulet)
HPRegen  0.06/turn              (no ring)
MPRegen  0.10/turn              (no ring)

@: no status effects
A: beak, talons 3
a: no special abilities


You were on level 4 of the Dungeon.
You visited 1 branch of the dungeon, and saw 3 of its levels.

You collected 36 gold pieces.

Inventory:

Hand Weapons
 c - a +0 short sword (weapon)
Armour
 a - a +0 robe (worn)
Scrolls
 e - a scroll of magic mapping
Potions
 b - a potion of haste {unknown}
 f - 2 potions of flight {unknown}


   Skills:
 + Level 0.1 Fighting
 + Level 2.5 Dodging
 + Level 2.2 Stealth
 + Level 2.3 Spellcasting
 + Level 6.3 Conjurations


You had 3 spell levels left.
You knew the following spells:

 Your Spells              Type           Power      Damage    Failure   Level
a - Magic Dart            Conj           100%       1d8       1%          1
b - Searing Ray           Conj           52%        3d5       1%          2

Your spell library contained the following spells:

 Spells                   Type           Power      Damage    Failure   Level
 Dazzling Flash           Conj/Hex       28%        N/A       13%         3
 Fulminant Prism          Conj/Hex       7%         3d7       41%         4
 Iskenderun's Mystic Bla  Conj/Tloc      14%        2d5       41%         4


Dungeon Overview and Level Annotations

Branches:
Dungeon (2/15)

Altars:


Innate Abilities, Weirdness & Mutations

You have a beak for a mouth.
You have claws for feet.


Message History

The orc priest shouts!
Found a robe.
You see here a +0 robe.
An ogre comes into view. It is wielding a +0 giant club.
The orc wizard casts a spell.
The orc wizard flickers and vanishes!
Deactivating autopickup; reactivate with Ctrl-A.
As you read the scroll labelled ADGHACH INAUJU, it crumbles to dust.
You feel strangely unstable.
It was a scroll of teleportation.
Your surroundings suddenly seem different.
Unknown command.
You start waiting.
Done waiting.
Unknown command.
Found a scroll labelled YMIM SUIVVU.
You see here a scroll labelled YMIM SUIVVU.
d - a scroll labelled YMIM SUIVVU
As you read the scroll labelled YMIM SUIVVU, it crumbles to dust.
It is a scroll of amnesia.
Really abort (and waste the scroll)?
Okay, then.
Unknown command.
Memorise Searing Ray, consuming 2 spell levels and leaving 3?
You start memorising the spell.
You continue memorising. x2
You finish memorising.
Spell assigned to 'b'.
As you read the scroll labelled WICUDUWIUS, it crumbles to dust.
You feel aware of your surroundings.
You sensed 1 shop/portal.
It was a scroll of magic mapping.
Unknown command.
Something unseen opens the door.
A centaur comes into view.
The orc priest shouts!
The centaur shouts!
The orc shouts!
The orc priest miscasts a cantrip.
The centaur wields a +0 shortbow.
The centaur shoots an arrow.
The arrow closely misses you.
The orc wizard shouts!
The centaur shoots an arrow.
The arrow hits you!
Ouch! That really hurt!
The centaur shoots an arrow.
The arrow hits you!
You die...

***+***********#.#**********,*,**
*,,,,,,,,,,,,,,o..,,,,,,,,,,,*,**
*,,,,********###o####*********,**
*,,,,* #..oc..# ***+** *,,,,*
#......# *****,,,,, *,,,,*
#..o...# *,,,,,,,,, ******
#......# *,,,,,,,,, #......#
*,,,,,,,,, #..@...# *****,,,,,
#......# *,,,,, #......# *,,,,,
###.#### ***+** #.# *,*
###.########*****,*
########...........,,,,,,*
#......#.#.########*******
#.#.#........#


You could see a centaur, an orc priest, 2 orc wizards and an orc.

Vanquished Creatures
  6 bats (D:1)
  3 endoplasms (D:1)
  A giant cockroach (D:1)
  2 goblins (D:1)
  3 hobgoblins (D:1)
  11 jackals (D:1)
  4 kobolds (D:1)
  A quokka (D:1)
  3 ball pythons (D:1)
  A frilled lizard (D:1)
  3 rats (D:1)
38 creatures vanquished.

Notes
Turn   | Place    | Note
-------+----------+-------------------------------------------
     0 | D:1      | Zonian the Tengu Conjurer began the quest for the Orb.
     0 | D:1      | Reached XP level 1. HP: 10/10 MP: 4/4
   258 | D:1      | Reached XP level 2. HP: 15/15 MP: 4/6
   451 | D:1      | Found a faded altar of an unknown god.
   578 | D:1      | Reached skill level 6 in Conjurations
   804 | D:1      | Reached XP level 3. HP: 16/19 MP: 1/7
  1917 | D:2      | You fall into a shaft and drop 2 floors!
  1921 | D:4      | Noticed an ogre
  2073 | D:4      | Learned a level 2 spell: Searing Ray
  2090 | D:4      | Noticed a centaur
  2094 | D:4      | Shot with an arrow by a centaur

Illustrated notes

Levels and vault maps discovered:
D:1:      matt_arrival_grand_opening, layout_loops_cross,
          shapermc_ecumenical_altar_totnotflames, lemuel_flame_loot_1
D:2:      layout_loops_ring
D:4:      layout_basic, serial_shops, kennysheep_little_box, grunt_ministairs_14

Skill      XL: |  1  2 |
---------------+-------+-----
Conjurations   | 6 |  6.3
Fighting       | |  0.1
Dodging        | |  2.5
Stealth        | |  2.2
Spellcasting   | |  2.3

Action                   || total
-------------------------++-------
Melee: Unarmed           ||     7
       Peck              ||     3
       Short sword       ||    13
       Kick              ||     2
 Cast: Magic Dart        ||    59
  Use: Scroll            ||     3
Armor: Robe              ||    10
Dodge: Dodged            ||    39

Table legend: (Time is in decaauts)
 A = Elapsed time spent in this place.
 B = Non-inter-level travel time spent in this place.
 C = Inter-level travel time spent in this place.
 D = Time resting spent in this place.
 E = Time spent auto-exploring this place.
 F = Levels seen in this place.
 G = Mean time per level.
                   A        B        C        D        E       F      G
               +--------+--------+--------+--------+--------+-----+--------+
         Total |   2094 |   2023 |     71 |    526 |   1259 |   3 |  698.0 |
       Dungeon |   2094 |   2023 |     71 |    526 |   1259 |   3 |  698.0 |
               +--------+--------+--------+--------+--------+-----+--------+

Top non-repeatable levels by time:
     D:1: 1902 daAuts
     D:4: 176 daAuts
     D:2: 14 daAuts
